 Dungeon Crawl Stone Soup version 0.23.1 (webtiles) character file.

Game seed: 16626029132134182244

303 sing8d the Cleaver (level 6, -3/51 HPs)
             Began as a Minotaur Berserker on Mar 11, 2019.
             Was a Priest of Trog.
             Succumbed to Ijyb's poison
             ... on level 3 of the Dungeon.
             The game lasted 00:05:18 (2018 turns).

sing8d the Cleaver (Minotaur Berserker)             Turns: 2018, Time: 00:05:18

Health: -3/51      AC: 11    Str: 23    XL:     6   Next: 15%
Magic:  5/5        EV:  6    Int:  4    God:    Trog [***...]
Gold:   152        SH:  3    Dex: 10    Spells: 5/5 levels left

rFire    . . .     SeeInvis .   a - +0 hand axe
rCold    . . .     Gourm    .   j - +0 buckler
rNeg     . . .     Faith    .   e - +0 plate armour
rPois    .         Spirit   .   (helmet restricted)
rElec    .         Reflect  .   (no cloak)
rCorr    .         Harm     .   (no gloves)
MR       .....                  (no boots)
Stlth    ..........             (no amulet)
HPRegen  0.17/turn              (no ring)
MPRegen  0.09/turn              (no ring)

@: lethally poisoned (-3 -> -64)
A: retaliatory headbutt, horns 2
a: Berserk, Trog's Hand, Renounce Religion


You were on level 3 of the Dungeon.
You worshipped Trog.
Trog was most pleased with you.
You were hungry.

You visited 1 branch of the dungeon, and saw 3 of its levels.

You collected 152 gold pieces.

Inventory:

Hand Weapons
 a - a +0 hand axe (weapon)
Missiles
 q - 3 tomahawks (quivered)
Armour
 e - a +0 plate armour (worn)
 j - a +0 buckler (worn)
Scrolls
 d - 2 scrolls of remove curse {unknown}
 g - a scroll of enchant weapon {unknown}
 i - a scroll of identify {unknown}
 k - a scroll of fog {unknown}
 n - a scroll of noise {unknown}
 o - a scroll of amnesia {unknown}
Potions
 f - a potion of berserk rage {unknown}
 h - a potion of mutation {unknown}
 m - a potion of haste {unknown}
 p - a potion of lignification {unknown}
Comestibles
 c - a ration


   Skills:
 - Level 3.6 Fighting
 + Level 8.4 Axes
 - Level 2.4 Armour
 - Level 2.1 Dodging


You had 5 spell levels left.
You didn't know any spells.
Your spell library was empty.

Dungeon Overview and Level Annotations

Branches:
Dungeon (3/15)

Altars:
Dithmenos
Hepliaklqana


Innate Abilities, Weirdness & Mutations

You reflexively headbutt those who attack you in melee.
You have a pair of horns on your head.


Message History

You feel very sick. Ijyb hits you but does no damage.
You are more poisoned.
You barely miss Ijyb.
Ijyb is almost dead.
* * * LOW HITPOINT WARNING * * *
You feel very sick.
Ijyb hits you with a +2 dagger of venom.
* * * LOW HITPOINT WARNING * * *
You are more poisoned.
It was a potion of magic.
Magic courses through your body.
* * * LOW HITPOINT WARNING * * *
You feel very sick. Ijyb hits you but does no damage.
Your plate armour prevents you from hitting Ijyb.
You headbutt Ijyb.
You kill Ijyb!
Trog accepts your kill.
You are feeling hungry.
You die...

..## ... ###..##
##.....## ####
##..##...##...
#....##..#..#
#(.._.#....#
#....##.@).###. #.
#..##.........# #.
##.†..$....#### #.
###..........
###.#######....##..##..
#............####..# #
#.............#.##.##
.#..........##........
............##.......#


There were no monsters in sight!

Vanquished Creatures
  Sigmund (D:3)
  Ijyb (D:3)
  A worker ant (D:2)
  An adder (D:3)
  2 worms (D:2)
  5 dart slugs
  4 leopard geckos
  4 orcs (D:3)
  A ball python (D:1)
  3 bats
  A giant cockroach (D:2)
  3 hobgoblins
  12 jackals
  4 kobolds
  A quokka (D:2)
  3 frilled lizards (D:2)
  5 goblins
  A leopard gecko skeleton (D:2)
  10 rats
63 creatures vanquished.

Notes
Turn   | Place    | Note
-------+----------+-------------------------------------------
     0 | D:1      | sing8d the Minotaur Berserker began the quest for the Orb.
     0 | D:1      | Reached XP level 1. HP: 19/19 MP: 0/0
    23 | D:1      | Reached skill level 4 in Axes
    33 | D:1      | Reached XP level 2. HP: 23/26 MP: 1/1
   276 | D:1      | Reached ** piety under Trog
   276 | D:1      | Reached skill level 5 in Axes
   683 | D:2      | Reached XP level 3. HP: 31/31 MP: 2/2
  1270 | D:2      | Found a hazy altar of Hepliaklqana.
  1327 | D:2      | Reached skill level 6 in Axes
  1327 | D:2      | Reached XP level 4. HP: 31/39 MP: 3/3
  1895 | D:3      | Noticed Sigmund
  1919 | D:3      | Killed Sigmund
  1919 | D:3      | Reached *** piety under Trog
  1919 | D:3      | Reached skill level 8 in Axes
  1919 | D:3      | Reached XP level 5. HP: 22/45 MP: 4/4
  1919 | D:3      | Reached XP level 6. HP: 25/51 MP: 5/5
  1978 | D:3      | Found a shadowy altar of Dithmenos.
  1982 | D:3      | Noticed Ijyb
  1988 | D:3      | Paralysed by Ijyb for 4 turns
  2000 | D:3      | Paralysed by Ijyb for 3 turns
  2009 | D:3      | Paralysed by Ijyb for 2 turns
  2017 | D:3      | HP: 2/51 [poisoned by Ijyb]
  2018 | D:3      | Killed Ijyb
  2018 | D:3      | Succumbed to Ijyb's poison

Skill      XL: |  1  2  3  4 |
---------------+-------------+-----
Axes           | 4 5 6 8 |  8.4
Fighting       | |  3.6
Armour         | |  2.4
Dodging        | |  2.1

Action                   |  1- 3 |  4- 6 || total
-------------------------+-------+-------++-------
Melee: Hand axe          |    81 |    76 ||   157
       Headbutt          |     9 |     7 ||    16
Throw: Tomahawk          |       |     3 ||     3
Invok: Berserk           |       |     2 ||     2
  Use: Potion            |       |     4 ||     4
  Eat: Chunk             |     1 |     4 ||     5
Armor: Animal skin       |     1 |       ||     1
       Plate armour      |    52 |    85 ||   137
Dodge: Dodged            |    27 |    21 ||    48
Block: Buckler           |     4 |    16 ||    20
